 Dungeon Crawl Stone Soup version 0.28.0-45-g0d030f2227 (webtiles) character file.

Game seed: 47475299173842489

12378 NinjaNoafa the Fighter (level 11, -4/101 HPs)
             Began as a Minotaur Fighter on Apr 5, 2022.
             Was a High Priest of Zin.
             Slain by an orc knight
             ... wielding a +0 dire flail
              (8 damage)
             ... on level 2 of the Orcish Mines on Apr 6, 2022.
             The game lasted 00:53:22 (11540 turns).

NinjaNoafa the Fighter (Minotaur Fighter)          Turns: 11540, Time: 00:53:22

Health: -4/101     AC: 22    Str: 26 (27) XL:     11   Next: 61%
Magic:  10/15      EV:  7    Int:  8      God:    Zin [*****.]
Gold:   49         SH:  6    Dex: 12 (14) Spells: 10/10 levels left

rFire   . . .      SeeInvis +   a - +9 mace "Giantbane" {spect, rPois rCorr}
rCold   . . .      Faith    +   c - +0 buckler
rNeg    . . .      Spirit   .   g - +0 plate armour
rPois   ∞          Reflect  .   T - +1 hat
rElec   .          Harm     .   i - +2 cloak
rCorr   +          Rampage  .   U - +2 pair of gloves
Will    +....                   (no boots)
Stlth   ..........              E - amulet of faith
HPRegen 0.26/turn               m - ring of willpower
MPRegen 0.14/turn               h - ring of see invisible

@: vitalised, reciting
A: horns 2, retaliatory headbutt
a: Renounce Religion, Recite, Vitalisation, Imprison, Sanctuary, Donate Gold


You were on level 2 of the Orcish Mines.
You worshipped Zin.
Zin was extremely pleased with you.
You visited 3 branches of the dungeon, and saw 13 of its levels.

You collected 580 gold pieces.
You donated 531 gold pieces to Zin.

Inventory:

Hand Weapons
 a - the +9 mace "Giantbane" (weapon) {spect, rPois rCorr}
   (You found it on level 2 of the Dungeon)

   When its wielder attacks, the weapon's spirit leaps out and strikes again.
   The spirit shares a part of any damage it takes with its wielder.
   rPois:     It protects you from poison.
   rCorr:     It protects you from acid and corrosion.
 b - a +5 flail of protection
 j - a +2 mace of venom
 k - a +1 long sword
 o - a +0 antimagic morningstar
 t - the +4 hand crossbow "Fuakuner" {freeze, Dex+4}
   (You found it on level 9 of the Dungeon)

   Any ammunition fired from it freezes those it strikes, dealing additional
   cold damage.
   It can also slow down cold-blooded creatures.
   Dex:       It affects your dexterity (+4).
 L - a +2 mace of distortion
 Q - a +5 spear
Missiles
 q - 2 silver boomerangs
 r - a silver javelin (quivered)
 x - 386 stones
 C - 21 poisoned darts
 J - 2 javelins
 S - 3 curare-tipped darts
Armour
 c - a +0 buckler (worn)
 f - a +1 leather armour of cold resistance
 g - a +0 plate armour (worn)
 i - a +2 cloak (worn)
 l - a +3 plate armour
 y - a +3 ring mail
 D - a +2 scale mail
 I - +0 acid dragon scales
 T - a +1 hat (worn)
 U - a +2 pair of gloves (worn)
Jewellery
 h - a ring of see invisible (right hand)
 m - a ring of willpower (left hand)
 E - an amulet of faith (around neck)
 K - an amulet of guardian spirit
 O - a +6 ring of dexterity
Wands
 d - a wand of charming (3)
 e - a wand of acid (11)
Scrolls
 n - a scroll of amnesia
 s - 3 scrolls of immolation
 u - a scroll of fear
 A - a scroll of magic mapping
 H - a scroll of vulnerability {unknown}
 P - a scroll of fog {unknown}
Potions
 v - a potion of flight
 z - 2 potions of mutation
 G - 2 potions of attraction
 R - 2 potions of degeneration


   Skills:
 + Level 10.7 Fighting
 - Level 4.5 Long Blades
 + Level 10.4 Maces & Flails
 - Level 3.0 Crossbows
 + Level 10.7 Armour
 + Level 10.4 Shields
 + Level 6.9 Invocations


You had 10 spell levels left.
You didn't know any spells.
Your spell library contained the following spells:

 Spells                   Type           Power      Damage    Failure   Level
 Sting                    Tmut/Pois      0%         1d3       99%         1
 Corpse Rot               Necr/Air       0%         N/A       100%        2
 Poisonous Vapours        Pois/Air       0%         N/A       100%        2
 Olgreb's Toxic Radiance  Pois           0%         N/A       100%        4


Dungeon Overview and Level Annotations

Branches:
Dungeon (10/15)            Temple (1/1) D:7             Orc (2/2) D:9
    Elf (0/3) Orc:2
   Lair: D:8-11

Altars:
Ashenzari
Cheibriados
Dithmenos
Elyvilon
Fedhas
Gozag
Hepliaklqana
Kikubaaqudgha
Makhleb
Nemelex Xobeh
Okawaru
Qazlal
Ru
Sif Muna
Trog
Uskayaw
Vehumet
Wu Jian
Xom
Yredelemnul
Zin
The Shining One
Beogh

Shops:
D:7 *   D:8 [*   Orc:1 =   Orc:2 ?[


Innate Abilities, Weirdness & Mutations

You have a pair of horns on your head.
You reflexively headbutt those who attack you in melee.


Message History

The orc no longer looks unusually strong.
There is an entrance to Cirgh's Antique Armour Shoppe here.
You swap places.
You float gracefully downwards.
You start resting.
There are monsters nearby!
There is an open door here.
You swap places.
Your troll dissolves into shadows!
The orc warrior no longer looks unusually strong.
There are monsters nearby!
You open the door.
There is an open door here.
Things that are here:
a +0 trident; an orc corpse Really attack the orc knight, despite your sanctuary?
Okay, then.
The sanctuary disappears.
You thump the orc knight!
The orc knight is moderately wounded.
Your +9 mace "Giantbane" {spect, rPois rCorr} hits the orc knight!
The orc knight hits you but does no damage.
Your orc warrior hits the orc knight with a +0 dire flail!
The orc warrior barely misses your orc warrior.
You hit the orc knight.
You headbutt the orc knight, but do no damage.
The orc knight is severely wounded.
Your +9 mace "Giantbane" {spect, rPois rCorr} barely misses the orc knight.
Your orc warrior dissolves into shadows!
The orc knight hits you with a +0 dire flail!
* * * LOW HITPOINT WARNING * * *
Activating: Recite (0% risk of failure)
Press: ? - help, Dir - look around, f - activate Look: an orc knight, wielding a +0 dire flail and wearing a +0 chain mail (severely wounded)
You clear your throat and prepare to recite. "For those who would enter Zin's holy bosom..."
The orc knight is confused by your recitation.
The orc warrior is dazed by your recitation.
The orc is struck blind by the wrath of Zin!
The orc knight hits you with a +0 dire flail!
You die...

#################
*#o.o..o.#∩..#..∩# ******** *
,#T##'##.#...#..§#**####,,≈≈≈≈***
,+.#...#.#...#.o@#,....+,,≈≈≈≈≈≈≈
,###.oT#.##'###o##.....#,,≈≈≈≈≈≈≈
**,+._oo....).o..'.....#******≈≈≈
*,#...###)############# **≈≈≈*
*,#...#....)#..###...# ***≈≈≈**
*,#####...).#.......##***≈≈*≈≈≈≈
**,* #).⌠).).........**≈≈≈≈≈≈≈≈
,+,* #...))#oo.......***≈≈≈≈≈≈≈
**** #.....#.........,*,≈≈≈≈≈*≈


You could see an orc knight (confused), an orc warrior (dazed) and an orc
(blind).

Vanquished Creatures
  A two-headed ogre (D:9)
  An orc high priest (Orc:2)
  An orc knight (Orc:2)
  An ugly thing (D:9)
  A cyclops (D:9)
  3 centaur zombies
  Maggie (D:7)
  5 trolls
  6 hornets (Orc:1)
  Sigmund (D:2)
  2 yaks (D:9)
  A wyvern (D:9)
  A wraith (D:9)
  Edmund (D:5)
  6 steam dragons
  3 water moccasins
  2 floating eyes (Orc:1)
  An acid dragon (D:9)
  An ice beast (D:6)
  A sky beast (D:6)
  17 orc warriors
  2 black bears
  2 ogres
  4 centaurs
  A phantom (D:7)
  A kobold brigand (D:8)
  8 bullfrogs
  A wyvern skeleton (D:6)
  A killer bee (D:9)
  3 wights (D:9)
  3 howler monkeys
  2 hounds (D:6)
  8 orc priests
  Crazy Yiuf (D:2)
  A gnoll shaman (D:3)
  A jelly (D:5)
  A centaur skeleton (D:5)
  Ijyb (D:5)
  5 iguanas
  7 orc wizards
  A killer bee zombie (D:8)
  3 howler monkey zombies
  7 gnolls
  10 adders
  An ufetubus (D:5)
  3 worms
  3 dart slugs
  56 orcs
  6 ball pythons
  2 endoplasms (D:2)
  3 giant cockroaches
  11 goblins
  9 hobgoblins
  6 kobolds
  5 quokkas
  2 bats (D:1)
  4 frilled lizards
  3 rats
245 creatures vanquished.

Vanquished Creatures (collateral kills)
  2 orc priests (Orc:2)
  An orc (D:6)
3 creatures vanquished.

Vanquished Creatures (others)
  A bullfrog zombie (D:6)
  A plant (D:8)
2 creatures vanquished.

Grand Total: 250 creatures vanquished

Notes
Turn   | Place    | Note
-------+----------+-------------------------------------------
     0 | D:1      | NinjaNoafa the Minotaur Fighter began the quest for the
                  | Orb.
     0 | D:1      | Reached XP level 1. HP: 19/19 MP: 0/0
   278 | D:1      | Reached XP level 2. HP: 27/27 MP: 1/1
   449 | D:1      | Found a faded altar of an unknown god.
   475 | D:1      | Prayed at the altar of an unknown god.
   475 | D:1      | Became a worshipper of Sif Muna the Loreminder
   475 | D:1      | Reached * piety under Sif Muna
   476 | D:1      | Fell from the grace of Sif Muna
   702 | D:2      | Reached XP level 3. HP: 33/33 MP: 2/2
  1289 | D:2      | Reached XP level 4. HP: 41/41 MP: 3/3
  1326 | D:2      | Noticed Sigmund
  1958 | D:2      | Killed Sigmund
  1959 | D:2      | Reached skill level 5 in Fighting
  1959 | D:2      | Reached skill level 5 in Armour
  1959 | D:2      | Reached skill level 5 in Shields
  1959 | D:2      | Reached XP level 5. HP: 48/48 MP: 4/4
  2083 | D:2      | Found a runed translucent door.
  2084 | D:2      | Noticed Crazy Yiuf
  2089 | D:2      | Killed Crazy Yiuf
  2090 | D:2      | Reached XP level 6. HP: 56/56 MP: 5/5
  2100 | D:2      | Identified the +9 mace "Giantbane" {spect, rPois rCorr}
  2295 | D:3      | You fall into a shaft and drop 3 floors!
  2309 | D:6      | Reached skill level 1 in Maces & Flails
  2345 | D:6      | Noticed a steam dragon
  2345 | D:6      | Noticed a sky beast
  2382 | D:6      | Noticed a water moccasin
  2388 | D:6      | Killed a water moccasin
  2391 | D:6      | Reached XP level 7. HP: 30/61 MP: 6/6
  2655 | D:6      | Killed a steam dragon
  2787 | D:6      | Reached skill level 5 in Maces & Flails
  2797 | D:6      | Reached XP level 8. HP: 42/71 MP: 7/7
  2813 | D:5      | Entered Level 5 of the Dungeon
  3005 | D:5      | Noticed Ijyb
  3691 | D:3      | Found a glowing silver altar of Zin.
  3692 | D:3      | Found a shadowy altar of Dithmenos.
  3692 | D:3      | Found an iron altar of Okawaru.
  3692 | D:3      | Found a broken altar of Ashenzari.
  3693 | D:3      | Found a sparkling altar of Nemelex Xobeh.
  3694 | D:3      | Found a basalt altar of Yredelemnul.
  3694 | D:3      | Found a white marble altar of Elyvilon.
  3726 | D:3      | Became a worshipper of Zin the Law-Giver
  3726 | D:3      | Reached * piety under Zin
  4251 | D:4      | Found a hide-covered altar of Uskayaw.
  4536 | D:4      | Was forgiven by Sif Muna
  4956 | D:5      | Killed Ijyb
  5075 | D:5      | Donated 67 gold pieces to Zin
  5254 | D:5      | Noticed Edmund
  5264 | D:5      | Killed Edmund
  5699 | D:6      | Reached XP level 9. HP: 71/79 MP: 8/8
  6674 | D:7      | Noticed Maggie
  6685 | D:7      | Killed Maggie
  6686 | D:7      | Reached skill level 1 in Invocations
  6917 | D:7      | Found a staircase to the Ecumenical Temple.
  6941 | Temple   | Entered the Ecumenical Temple
  7094 | D:7      | Found Veisynace's Overcharged Wands.
  7853 | D:8      | Found Icagufur's Antique Armour Shoppe.
  7876 | D:8      | Reached ** piety under Zin
  7902 | D:8      | Found Qacil's Demolitions Depot.
  8036 | D:8      | Donated 81 gold pieces to Zin
  8085 | D:8      | Reached *** piety under Zin
  8108 | D:8      | Found a burning altar of Makhleb.
  8108 | D:8      | Found an ancient bone altar of Kikubaaqudgha.
  8109 | D:8      | Found a blossoming altar of Fedhas.
  8487 | D:8      | Found a bloodstained altar of Trog.
  8699 | D:9      | Reached XP level 10. HP: 88/90 MP: 12/12
  8731 | D:9      | Noticed a cyclops
  8739 | D:9      | Killed a cyclops
  8745 | D:9      | Noticed a red ugly thing
  9078 | D:9      | Killed a red ugly thing
  9156 | D:9      | Reached skill level 5 in Invocations
  9156 | D:9      | Donated 84 gold pieces to Zin
  9228 | D:9      | Noticed a two-headed ogre
  9241 | D:9      | Reached **** piety under Zin
  9251 | D:9      | Donated 60 gold pieces to Zin
  9252 | D:9      | Donated 30 gold pieces to Zin
  9289 | D:9      | Killed a two-headed ogre
  9430 | D:9      | Identified the +4 hand crossbow "Fuakuner" {freeze, Dex+4}
  9713 | D:9      | Reached skill level 10 in Fighting
  9759 | D:9      | Reached skill level 10 in Maces & Flails
  9759 | D:9      | Reached skill level 10 in Armour
  9759 | D:9      | Reached skill level 10 in Shields
  9872 | D:9      | Reached ***** piety under Zin
 10011 | D:9      | Reached XP level 11. HP: 99/99 MP: 13/13
 10011 | D:9      | Found a staircase to the Orcish Mines.
 10022 | D:9      | Reached skill level 1 in Crossbows
 10353 | D:10     | Entered Level 10 of the Dungeon
 10414 | Orc:1    | Entered Level 1 of the Orcish Mines
 10503 | Orc:1    | Noticed an orc sorcerer
 10504 | Orc:1    | Noticed an ogre mage
 10506 | Orc:1    | Noticed an orc sorcerer
 10512 | Orc:1    | Noticed an ogre mage
 10518 | Orc:1    | Noticed an ogre mage
 10526 | Orc:1    | Noticed an ogre mage
 10837 | Orc:1    | Noticed an orc knight
 10842 | Orc:1    | Found Ecyshiot's Jewellery Boutique.
 11041 | Orc:2    | Entered Level 2 of the Orcish Mines
 11427 | Orc:2    | Found Affy's Magic Scroll Emporium.
 11427 | Orc:2    | Noticed an orc knight
 11427 | Orc:2    | Noticed an orc high priest
 11436 | Orc:2    | Killed an orc high priest
 11455 | Orc:2    | Donated 101 gold pieces to Zin
 11456 | Orc:2    | Donated 50 gold pieces to Zin
 11468 | Orc:2    | Noticed an orc knight
 11478 | Orc:2    | Killed an orc knight
 11509 | Orc:2    | Found Cirgh's Antique Armour Shoppe.
 11539 | Orc:2    | HP: 4/101 [orc knight/+0 dire flail (15)]
 11540 | Orc:2    | Slain by an orc knight

Illustrated notes

Levels and vault maps discovered:
D:1:      dpeg_arrival_pits, layout_loops_ring, serial_rivers,
          chequers_serial_rivers_micro_b, chequers_serial_rivers_marsh,
          chequers_serial_rivers_small_b, chequers_serial_rivers_small_3,
          hellmonk_ecumenical_altar_arch_garden, columned_hall_lemuel,
          minmay_tree_intersection
D:2:      layout_loops_corners, nicolae_concentric_dashed_squares_mild,
          uniq_sigmund, uniq_crazy_yiuf_cottage
D:3:      layout_basic, grunt_temple_overflow_open, nicolae_grassy_gnolls
D:4:      layout_loops_ring, mainiacjoe_overflow_boulevard
D:5:      layout_basic, uniq_edmund, uniq_ijyb
D:6:      layout_basic, serial_bayou_crossing
D:7:      layout_layer_cave, minmay_temple_entry_mini_moons,
          nicolae_shop_overcharged_wands, uniq_maggie
D:8:      layout_cave_pools, nicolae_overflow_quartered_altars, serial_shops,
          nicolae_shop_overgrown_old_shop, nicolae_blasting_shop
D:9:      minmay_ornate_pinched, layout_loops_corners, david_orc_5
D:10:     layout_long_grid, kennysheep_decorative_pillar,
          nicolae_lava_and_water, pond
Temple:   compressed_dpeg_circular_temple
Orc:1:    hellmonk_paralyzer, layout_diamond_mine, serial_shops, shop
Orc:2:    pubby_orc_utopia

Skill      XL: |  1  2  3  4  5  6  7  8  9 10 11 |
---------------+----------------------------------+-----
Fighting       | 4 5 6 7 8 10 | 10.7
Armour         | 4 5 6 7 8 10 | 10.7
Shields        | 4 5 6 7 8 10 | 10.4
Long Blades    | 3 4 |  4.5
Maces & Flails | 4 5 7 8 10 | 10.4
Invocations    | 4 5 6 |  6.9
Crossbows      | 3 |  3.0

Action                   |  1- 3 |  4- 6 |  7- 9 | 10-12 || total
-------------------------+-------+-------+-------+-------++-------
Melee: Long sword        |    58 |    26 |       |       ||    84
       Headbutt          |     6 |     2 |    27 |    41 ||    76
       Mace              |       |    12 |   141 |   211 ||   364
       Flail             |       |       |     6 |       ||     6
Throw: Javelin           |       |       |     1 |     1 ||     2
Invok: Renounce Religion |     1 |       |       |       ||     1
       Donate Gold       |       |       |     2 |     5 ||     7
       Recite            |       |       |       |     2 ||     2
       Vitalisation      |       |       |       |     1 ||     1
       Sanctuary         |       |       |       |     1 ||     1
Evoke: Wand              |       |       |     3 |       ||     3
  Use: Scroll            |       |     6 |     8 |    10 ||    24
       Potion            |       |     3 |     3 |    11 ||    17
 Stab: Confused          |       |       |       |     5 ||     5
       Invisible         |       |       |       |     1 ||     1
Armor: Scale mail        |    36 |    16 |    42 |       ||    94
       Ring mail         |       |       |    29 |       ||    29
       Plate armour      |       |       |    11 |   148 ||   159
Dodge: Dodged            |    50 |    20 |    71 |    72 ||   213
Block: Buckler           |    19 |     6 |    38 |    80 ||   143
